Zazza, neutral female human Wizard ------------ ------------- |......<.... #|*.........`| |..........| #|.....`.....| |........*.| #|...-----...| |...........########### #|...|.{.|...| ------------ # #|.}*){..|`..| ###|...|...|...|& #-...-----...@# `|..)..*....&|# |`.........`| ------------- Zazza the Thaumaturge Experience level: 6 Strength: 25 Dexterity: 14 Constitution: 15 Intelligence: 18 Wisdom: 12 Charisma: 9 Health: 0(48) Energy: 15(61) Def: 3 Gold: 0 Moves: 3975 Dungeon seed: imcbmk5ZfP2yTxpb Game ID: Zazza_1577141105 Your Inventory: Weapons C - a +0 dagger (weapon in hand) K - a blessed +1 quarterstaff Armor e - an uncursed +0 cloak of magic resistance (being worn) r - an uncursed +0 pair of low boots (being worn) y - an uncursed +0 pair of gauntlets of power (being worn) Rings c - an uncursed ring of polymorph control (on right hand) d - an uncursed ring of slow digestion D - an uncursed ring of see invisible G - an uncursed ring of free action Wands b - a wand of probing (0:8) i - a cursed wand of probing (0:8) j - a cursed wand of lightning (0:6) J - a wand of speed monster (0:2) U - a wand of digging (0:7) Tools h - an uncursed stethoscope k - an uncursed skeleton key m - an uncursed mirror s - an uncursed magic whistle t - an uncursed towel u - an uncursed sack z - a cursed oilskin sack E - a cursed sack X - an uncursed pair of lenses (being worn) Y - a magic marker (0:98) Gems n - an uncursed worthless piece of white glass Contents of the oilskin sack: 1637 gold pieces a cursed amulet of ESP a cursed banana 3 uncursed eggs 2 uncursed food rations 3 cursed lembas wafers a cursed melon an uncursed slime mold an uncursed tin of garter snake meat an uncursed scroll of confuse monster an uncursed scroll of enchant armor an uncursed scroll of enchant weapon a cursed scroll of enchant weapon 2 uncursed scrolls of identify a cursed scroll of punishment an uncursed potion of enlightenment an uncursed potion of fruit juice a potion of holy water an uncursed potion of monster detection an uncursed potion of object detection a cursed ring of teleport control a cursed ring of teleportation a magic marker (0:99) a magic marker (0:96) a +0 pick-axe an uncursed sack 2 uncursed wax candles (0:400) a cursed worthless piece of green glass an uncursed worthless piece of violet glass a cursed worthless piece of yellowish brown glass Spells and supernatural/magical abilities: Name Level Category Fail Memory a - force bolt 1 attack 4% 81% f - fireball 4 attack 81% 97% h - healing 1 healing 4% 81% W - pray for help -- divine ? -- Your skills at the end: Fighting Skills Weapon Skills dagger [Basic] quarterstaff [Basic] Spellcasting Skills attack spells [Basic] enchantment spells [Basic] Final Attributes: You were piously aligned. You were poison resistant. You were magic-protected. You were confused. You saw invisible. You had polymorph control. You were fast. You are dead. Vanquished creatures: a ghost a leprechaun a bugbear a rock piercer a rock mole 2 shriekers a little dog a kitten a dwarf 2 kobold lords a centipede a giant bat a dwarf zombie 2 iguanas 7 killer bees 2 acid blobs a coyote a hobbit a large kobold 2 giant rats 5 cave spiders a green mold 2 red molds 2 gnomes a gnome zombie 4 geckos 7 jackals 2 foxes 4 goblins 2 grid bugs a bat 3 lichens 2 kobold zombies 5 newts 72 creatures vanquished. Voluntary challenges: You used a wielded weapon 54 times, starting on turn 209. You read items or engraved 18 times, starting on turn 7. You never genocided any monsters. You never polymorphed an object. You never changed form. You used no wishes. You never split a pudding. You wrote Elbereth's name 3 times, starting on turn 2506. You never violated your personal moral code. Dungeon overview: The Dungeons of Doom: levels 1 to 7 Level 1 (gold) a fountain a long staircase Level 2 Level 3 (gold) an armor shop, an altar to Thoth, some sinks Level 4 a hardware shop a long staircase Level 5 Level 6 a fountain Level 7 <- You were here some fountains History has recorded: On T:1 you entered the Dungeons of Doom to retrieve the Amulet of Yendor! On T:405 you reached level 2 of The Dungeons of Doom. On T:667 you reached level 3 of The Dungeons of Doom. On T:710 you advanced to experience level 2. On T:1213 you advanced to experience level 3. On T:1585 you reached level 4 of The Dungeons of Doom. On T:1609 you advanced to experience level 4. On T:2171 you reached level 5 of The Dungeons of Doom. On T:2500 you reached level 6 of The Dungeons of Doom. On T:2850 you advanced to experience level 5. On T:2898 you reached level 7 of The Dungeons of Doom. On T:3868 you advanced to experience level 6. Score breakdown: Gold: 1637 (10933 points) Experience: 6 levels (12456 points) Exploration: 7 levels ( 14.00%) (10497 points) Discoveries: 22 items ( 7.64%) ( 8291 points) Valuables value: (no points given unless you survive) Artifact value: 0 ( 0 points) Variety of kills: 34 monsters ( 8.92%) ( 8961 points) Turncount: 3975 turns (-1015 points) Survival: died (score multiplied by 80%) Total score: 40098 Latest messages: You fail to cast the spell correctly. The water demon hits! (2x) The water demon bites! Please move the cursor to an unknown object. Never mind. You write in the dust with your fingers. Yeenoghu wields a flail! Yeenoghu swings his flail. Yeenoghu hits! (2x) Yeenoghu casts a spell at you! A shower of missiles bounces off the wizard! The water demon hits! (2x) The water demon bites! Yeenoghu swings his flail. Yeenoghu hits! Yeenoghu swings his flail. Yeenoghu hits! You are getting confused. Yeenoghu hits! You die... The sack is empty. (3x) Final status: Goodbye Zazza the Wizard, killed by Yeenoghu... You died in The Dungeons of Doom on dungeon level 7 with 40098 points, and 1637 pieces of gold, after 3975 moves. You were level 6 with a maximum of 48 hit points when you died.